 Dungeon Crawl Stone Soup version 0.23.2-1-ga50397a6bc (webtiles) character file.

Game seed: 11387414361820271738

2125 Phaedo the Grave Robber (level 9, -1/59 HPs)
             Began as a Demonspawn Necromancer on May 9, 2019.
             Was a Believer of Dithmenos.
             Slain by an orc warrior
             ... wielding a +0 battleaxe
              (15 damage)
             ... on level 7 of the Dungeon.
             The game lasted 00:40:15 (9700 turns).

Phaedo the Grave Robber (Demonspawn Necromancer)    Turns: 9700, Time: 00:40:16

Health: -1/59      AC:  5    Str: 11    XL:     9   Next: 8%
Magic:  0/12       EV: 21    Int: 17    God:    Dithmenos [**....]
Gold:   309        SH:  0    Dex: 19    Spells: 7/13 levels left

rFire    . . .     SeeInvis .   a - +2 war axe (chop)
rCold    + . .     Gourm    .   (no shield)
rNeg     . . .     Faith    .   l - +0 robe
rPois    .         Spirit   +   y - +0 helmet
rElec    .         Reflect  .   (no cloak)
rCorr    .         Harm     .   x - -1 pair of gloves
MR       .....                  (boots unavailable)
Stlth    +++++.....             q - amulet of regeneration
HPRegen  0.59/turn              h - ring of protection from fire
MPRegen  0.13/turn              m - ring of ice

@: agile, wreathed by umbra
A: talons 3, molten scales 1, magic shield
a: Shadow Step, Renounce Religion


You were on level 7 of the Dungeon.
You worshipped Dithmenos.
Dithmenos was pleased with you.
You were not hungry.

You visited 1 branch of the dungeon, and saw 7 of its levels.

You collected 309 gold pieces.

Inventory:

Hand Weapons
 a - a +2 war axe of chopping (weapon)
 b - a +0 blowgun
 D - a +0 flail
 E - a +0 short sword
 J - a +0 quarterstaff
 L - a +0 dagger of venom
 M - a +0 trident of flaming
Missiles
 e - a throwing net (quivered)
 r - 17 poisoned needles
 s - 206 stones
 F - 6 needles of confusion
 K - 4 tomahawks
Armour
 l - a +0 robe (worn)
 x - a -1 pair of gloves (worn)
 y - a +0 helmet (worn)
Jewellery
 h - a ring of protection from fire (left hand)
 m - a ring of ice (right hand)
 q - an amulet of regeneration (around neck)
 I - an uncursed ring of protection from fire
 N - an uncursed amulet of magic regeneration
 O - an uncursed amulet of harm {unknown}
 P - an uncursed ring of poison resistance
Wands
 z - a wand of flame (12)
 G - a wand of random effects (40)
Scrolls
 f - a scroll of fog {unknown}
 g - 3 scrolls of magic mapping {unknown}
 i - a scroll of noise {unknown}
 j - 3 scrolls of teleportation
 n - 4 scrolls of remove curse
 p - 3 scrolls of immolation {unknown}
 w - a scroll of enchant weapon {unknown}
 A - a scroll of amnesia {unknown}
Potions
 k - 3 potions of flight
 t - 2 potions of mutation
 u - a potion of curing
 C - 2 potions of might
 H - a potion of haste {unknown}
Comestibles
 c - 13 rations
 d - 9 chunks of flesh


   Skills:
 - Level 1.2 Fighting
 - Level 1.9 Short Blades
 * Level 5.8 Axes
 - Level 3.0 Staves
 - Level 0.1 Throwing
 - Level 5.1 Dodging
 - Level 5.0 Stealth
 - Level 2.5 Spellcasting
 - Level 7.0 Necromancy


You had 7 spell levels left.
You knew the following spells:

 Your Spells              Type           Power        Failure   Level  Hunger
a - Pain                  Necr           ####         1%          1    #......
b - Animate Skeleton      Necr           N/A          1%          1    #......
c - Animate Dead          Necr           N/A          11%         4    #####..

Your spell library contained the following spells:

 Spells                   Type           Power        Failure   Level  Hunger
 Vampiric Draining        Necr           ####......   3%          3    ###....
 Regeneration             Chrm/Necr      ##........   13%         3    ###....
 Infusion                 Chrm           #...         19%         1    #......
 Summon Small Mammal      Summ           #...         19%         1    #......
 Call Imp                 Summ           #.......     28%         2    ##.....
 Shroud of Golubria       Chrm/Tloc      #.........   28%         2    ##.....
 Song of Slaying          Chrm           #.......     28%         2    ##.....
 Call Canine Familiar     Summ           #.......     50%         3    ###....
 Spectral Weapon          Hex/Chrm       #.......     50%         3    ###....
 Summon Guardian Golem    Hex/Summ       #.......     50%         3    ###....
 Summon Ice Beast         Ice/Summ       #.......     88%         4    #####..
 Summon Lightning Spire   Summ/Air       #.......     88%         4    #####..


Dungeon Overview and Level Annotations

Branches:
Dungeon (7/15)             Temple (0/1) D:4

Altars:
Dithmenos
Elyvilon
Gozag
Trog
Uskayaw
Vehumet
Xom
Yredelemnul

Shops:
D:7 }

Annotations:
D:7 Dowan, Duvessa


Innate Abilities, Weirdness & Mutations

You have claws for feet.
You are partially covered in molten scales. (AC +2)
When hurt, damage is shared between your health and your magic reserves.


Message History

Things that are here:
a +1 dagger of venom; a +0 robe; an orc corpse You feel yourself speed up.
The orc wizard is no longer moving quickly.
The orc wizard casts a spell.
The orc wizard seems to speed up.
The orc wizard gestures wildly while chanting.
The orc wizard blinks!
You slash the orc wizard!
You kill the orc wizard!
Dithmenos accepts your kill.
You hit the orc warrior but do no damage.
The orc warrior barely misses you.
Evoke which item? (* to show all) (? for menu, Esc to quit)
Aiming: Random Effects
Press: ? - help, Shift-Dir - straight line, f - orc warrior
Aim: an orc warrior, wielding a +0 battleaxe and wearing a +0 plate armour (moderately wounded, umbra)
The orc warrior resists with some effort.
The orc warrior hits you with a +0 battleaxe!
You die...

####### #(((re###
#'###...## oo ###.S# ..r
##o## ... #.@# .. ##.# .
#.# #.# #)######
.....?r!.....#.)....####
........... #####.....#
..≈≈≈≈≈.. #.###...#
..e.$.. #.# ..#


You could see Duvessa, an orc warrior, a water moccasin and a quokka.

Vanquished Creatures
  A hippogriff (D:6)
  Eustachio (D:4)
  An orc warrior (D:7)
  An ice beast (D:7)
  2 ogres
  A centaur (D:7)
  A big kobold (D:6)
  Blork the orc (D:5)
  A bullfrog (D:7)
  3 scorpions
  3 crimson imps
  A quasit (D:7)
  2 jellies (D:6)
  A bullfrog skeleton (D:3)
  5 hounds
  3 orc priests
  6 orc wizards
  A centaur skeleton (D:4)
  An iguana (D:7)
  4 worker ants
  4 gnolls (D:7)
  7 adders
  2 oozes
  An adder zombie (D:7)
  A worm (D:2)
  2 dart slugs
  2 leopard geckos
  25 orcs
  4 giant cockroaches
  10 goblins
  7 hobgoblins
  14 jackals
  2 quokkas
  A ball python (D:3)
  6 bats
  10 frilled lizards
  15 kobolds
  A quokka skeleton (D:4)
  11 rats
165 creatures vanquished.

Vanquished Creatures (collateral kills)
  2 worms
  A dart slug (D:1)
  A frilled lizard (D:4)
4 creatures vanquished.

Grand Total: 169 creatures vanquished

Notes
Turn   | Place    | Note
-------+----------+-------------------------------------------
     0 | D:1      | Phaedo the Demonspawn Necromancer began the quest for the
                  | Orb.
     0 | D:1      | Reached XP level 1. HP: 13/13 MP: 3/3
   716 | D:1      | Gained mutation: When hurt, damage is shared between your
                  | health and your magic reserves. [demonic ancestry]
   716 | D:1      | Reached XP level 2. HP: 19/19 MP: 5/5
  1237 | D:1      | Learned a level 1 spell: Animate Skeleton
  1818 | D:1      | Gained mutation: You are partially covered in molten
                  | scales. (AC +2) [demonic ancestry]
  1818 | D:1      | Reached XP level 3. HP: 16/25 MP: 1/6
  2214 | D:2      | Reached skill level 5 in Necromancy
  2515 | D:2      | Reached skill level 1 in Short Blades
  2517 | D:2      | Found a shimmering altar of Xom.
  2519 | D:2      | Found a snail-covered altar of Cheibriados.
  2519 | D:2      | Found a blossoming altar of Fedhas.
  2527 | D:2      | Found a sacrificial altar of Ru.
  2527 | D:2      | Found a hide-covered altar of Uskayaw.
  2527 | D:2      | Found an ancient bone altar of Kikubaaqudgha.
  3233 | D:3      | Noticed a scorpion
  3237 | D:3      | Reached XP level 4. HP: 26/31 MP: 3/7
  3298 | D:3      | Reached skill level 1 in Fighting
  3699 | D:3      | Reached XP level 5. HP: 34/37 MP: 3/8
  4515 | D:4      | Found a radiant altar of Vehumet.
  4703 | D:4      | Noticed an ogre
  4746 | D:3      | Found a hide-covered altar of Uskayaw.
  5016 | D:4      | Killed an ogre
  5016 | D:4      | Reached XP level 6. HP: 8/43 MP: 3/9
  5387 | D:4      | Noticed Eustachio
  5844 | D:4      | Found a staircase to the Ecumenical Temple.
  6423 | D:4      | Found a shadowy altar of Dithmenos.
  6430 | D:4      | Became a worshipper of Dithmenos the Shadowed
  6460 | D:4      | Reached skill level 1 in Staves
  6752 | D:4      | Killed Eustachio
  6752 | D:4      | Gained mutation: You have sharp toenails. [demonic
                  | ancestry]
  6752 | D:4      | Reached XP level 7. HP: 48/48 MP: 10/10
  7135 | D:5      | Entered Level 5 of the Dungeon
  7413 | D:5      | Learned a level 4 spell: Animate Dead
  7459 | D:5      | Noticed Blork the orc
  7472 | D:5      | Killed Blork the orc
  7597 | D:5      | Found a white marble altar of Elyvilon.
  7717 | D:5      | Found a basalt altar of Yredelemnul.
  8004 | D:6      | Found an opulent altar of Gozag.
  8034 | D:6      | Reached skill level 5 in Stealth
  8223 | D:6      | Reached skill level 5 in Dodging
  8462 | D:6      | Reached skill level 1 in Axes
  8462 | D:6      | Gained mutation: You have razor-sharp toenails. [demonic
                  | ancestry]
  8462 | D:6      | Reached XP level 8. HP: 46/54 MP: 8/11
  8788 | D:6      | Reached * piety under Dithmenos
  8986 | D:7      | Found a bloodstained altar of Trog.
  9195 | D:7      | Reached skill level 6 in Necromancy
  9344 | D:7      | Found Otaimaj's Gadget Shop.
  9460 | D:7      | Noticed a hippogriff
  9460 | D:7      | Noticed Duvessa
  9460 | D:7      | Noticed Dowan
  9505 | D:6      | Killed a hippogriff
  9505 | D:6      | Reached skill level 5 in Axes
  9613 | D:7      | Gained mutation: You have claws for feet. [demonic
                  | ancestry]
  9613 | D:7      | Reached XP level 9. HP: 57/59 MP: 12/12
  9631 | D:7      | Reached skill level 7 in Necromancy
  9635 | D:7      | Reached ** piety under Dithmenos
  9700 | D:7      | Slain by an orc warrior

Skill      XL: |  1  2  3  4  5  6  7  8  9 |
---------------+----------------------------+-----
Dodging        | 2 3 4 5 |  5.1
Stealth        | 2 3 4 5 |  5.0
Necromancy     | 5 6 7 |  7.0
Short Blades   | 1 |  1.9
Fighting       | 1 |  1.2
Staves         | 1 3 |  3.0
Axes           | 1 5 |  5.8
Throwing       | |  0.1
Spellcasting   | |  2.5

Action                   |  1- 3 |  4- 6 |  7- 9 || total
-------------------------+-------+-------+-------++-------
Melee: Dagger            |    34 |       |    47 ||    81
       Unarmed           |    11 |       |       ||    11
       Short sword       |   144 |   235 |       ||   379
       Quarterstaff      |       |    40 |    62 ||   102
       Kick              |       |       |    51 ||    51
       War axe           |       |       |   151 ||   151
 Fire: Blowgun           |       |    72 |    29 ||   101
Throw: Stone             |     1 |     8 |     1 ||    10
       Tomahawk          |       |       |     1 ||     1
 Cast: Pain              |     7 |    16 |    17 ||    40
       Animate Skeleton  |     5 |     1 |       ||     6
Evoke: Wand              |       |       |     5 ||     5
  Use: Potion            |     2 |       |     6 ||     8
       Scroll            |       |       |     9 ||     9
 Stab: Sleeping          |     8 |     2 |     4 ||    14
  Eat: Chunk             |     7 |    12 |    10 ||    29
Armor: Robe              |    36 |    90 |    75 ||   201
Dodge: Dodged            |   104 |   240 |   322 ||   666
